 Dungeon Crawl Stone Soup version 0.23.2-1-ga50397a (webtiles) character file.

Game seed: 7543462468661965719

306 night the Digger (level 6, -6/44 (45) HPs)
             Began as a Ghoul Earth Elementalist on Apr 28, 2019.
             Mangled by a gnoll
             ... wielding a +0 whip
              (10 damage)
             ... on level 4 of the Dungeon.
             The game lasted 00:12:42 (4487 turns).

night the Digger (Ghoul Earth Elementalist)         Turns: 4487, Time: 00:12:43

HP:   -6/44 (45)    AC:  2    Str: 12    XL:     6   Next: 39%
MP:   7/9           EV: 12    Int: 12    God:
Gold: 279           SH:  0    Dex:  9    Spells: 2/11 levels left

rFire    . . .     SeeInvis .     - Unarmed
rCold    + . .     Gourm    .   (no shield)
rNeg     + + +     Faith    .   c - +0 robe
rPois    ∞         Spirit   .   (no helmet)
rElec    .         Reflect  .   (no cloak)
rCorr    .         Harm     .   (no gloves)
MR       .....                  (no boots)
Stlth    ++........             (no amulet)
HPRegen  0.00/turn              (no ring)
MPRegen  0.11/turn              (no ring)

@: rotting
A: rotting body, claws 1, carnivore, cold resistance 1, negative energy
resistance 3, inhibited regeneration, torment resistance, unbreathing
a: no special abilities


You were on level 4 of the Dungeon.
You were not hungry.

You visited 1 branch of the dungeon, and saw 4 of its levels.

You collected 279 gold pieces.

Inventory:

Missiles
 a - 54 arrows
 b - 70 stones (quivered)
 r - 12 sling bullets
Armour
 c - a +0 robe (worn)
Wands
 n - a wand of iceblast (1)
Scrolls
 h - 2 scrolls of amnesia {unknown}
 i - 6 scrolls of identify {unknown}
 j - a scroll of enchant weapon {unknown}
 l - a scroll of blinking {unknown}
 m - 7 scrolls of teleportation {unknown}
 q - a scroll of fog {unknown}
 s - 2 scrolls of remove curse {unknown}
Potions
 e - a potion of invisibility {unknown}
 f - a potion of degeneration {unknown}
 g - 2 potions of heal wounds {unknown}
 k - a potion of ambrosia {unknown}
 o - a potion of resistance {unknown}
 p - 2 potions of curing {unknown}
 t - a potion of haste {unknown}
 u - a potion of cancellation {unknown}
Comestibles
 d - 9 rations


   Skills:
 - Level 1.7 Dodging
 - Level 2.1 Stealth
 + Level 3.2 Unarmed Combat
 + Level 3.2 Spellcasting
 + Level 1.7 Conjurations
   Level 0.8 Transmutations
 * Level 5.0 Earth Magic


You had 2 spell levels left.
You knew the following spells:

 Your Spells              Type           Power        Failure   Level  Hunger
a - Sandblast             Erth           ##....       3%          1    #......
b - Stone Arrow           Conj/Erth      ##....       19%         3    ###....
c - Lee's Rapid Deconstr  Erth           ##........   63%         5    ######.

Your spell library contained the following spells:

 Spells                   Type           Power        Failure   Level  Hunger
 Passwall                 Tmut/Erth      #.......     11%         2    ###....
 Petrify                  Tmut/Erth      #.......     56%         4    #####..


Dungeon Overview and Level Annotations

Branches:
Dungeon (4/15)
 Temple: D:4-7

Altars:
Dithmenos
Ru
Trog


Innate Abilities, Weirdness & Mutations

Your body is rotting away.
You thrive on raw meat.
You are immune to poison.
You have sharp fingernails.
You are carnivorous and can eat meat at any time.
Your flesh is cold resistant. (rC+)
You are immune to negative energy. (rN+++)
You do not regenerate when monsters are visible.
You are immune to unholy pain and torment.
You can survive without breathing.


Message History

Aiming: Sandblast (safe; 3% risk of failure)
Press: ? - help, Shift-Dir - straight line, f - gnoll
Aim: a gnoll, wielding a +0 whip (severely wounded)
The blast of sand hits the gnoll.
The gnoll is almost dead.
b - 71 stones The gnoll hits you.
* * * LOW HITPOINT WARNING * * *
The gnoll misses you.
Casting: Sandblast (safe; 3% risk of failure)
Confirm with . or Enter, or press ? or * to list all spells.
Aiming: Sandblast (safe; 3% risk of failure)
Press: ? - help, Shift-Dir - straight line, f/p - gnoll
Aim: a gnoll, wielding a +0 whip (almost dead)
The blast of sand misses the gnoll.
b - 70 stones The gnoll hits you!
* * * LOW HITPOINT WARNING * * *
The gnoll hits you with a +0 whip!
You die...

#....#######
##.##.......#
##.#########..
....... #..#
....... ##.##
....... #..#
....... ##.##
.......##.##
.......#@g#
.......#g##
........g#
.......#.##
.......#..#
.......##.##
....... #..#
....... ##.#
......# ...


You could see 3 gnolls.

Vanquished Creatures
  Natasha (thrice) (D:3)
  Terence (D:3)
  A worker ant (D:4)
  5 gnolls
  5 adders
  An adder skeleton (D:4)
  5 worms
  A dart slug (D:1)
  3 leopard geckos
  3 orcs
  10 bats
  4 giant cockroaches
  5 goblins
  4 hobgoblins
  4 jackals (D:3)
  2 quokkas
  3 ball pythons
  4 frilled lizards
  5 kobolds
  8 rats
77 creatures vanquished.

Notes
Turn   | Place    | Note
-------+----------+-------------------------------------------
     0 | D:1      | night the Ghoul Earth Elementalist began the quest for the
                  | Orb.
     0 | D:1      | Reached XP level 1. HP: 14/14 MP: 2/2
   325 | D:1      | Reached XP level 2. HP: 11/20 MP: 3/3
   503 | D:1      | Reached skill level 1 in Unarmed Combat
   962 | D:1      | Reached XP level 3. HP: 26/26 MP: 5/5
  1464 | D:2      | Learned a level 3 spell: Stone Arrow
  1500 | D:2      | Reached skill level 4 in Earth Magic
  1796 | D:2      | Reached XP level 4. HP: 30/33 MP: 6/6
  1818 | D:2      | Found a shadowy altar of Dithmenos.
  2198 | D:3      | Noticed Natasha
  2204 | D:3      | Killed Natasha
  2479 | D:3      | Found a bloodstained altar of Trog.
  2559 | D:3      | Noticed Natasha
  2579 | D:3      | Reached skill level 1 in Conjurations
  2579 | D:3      | Reached XP level 5. HP: 31/38 MP: 6/8
  2595 | D:3      | Killed Natasha
  2846 | D:3      | Noticed Terence
  2862 | D:3      | Killed Terence
  2957 | D:3      | Learned a level 5 spell: Lee's Rapid Deconstruction
  3586 | D:3      | Reached XP level 6. HP: 40/45 MP: 9/9
  3674 | D:3      | Noticed Natasha
  3679 | D:3      | Killed Natasha
  3981 | D:4      | Reached skill level 5 in Earth Magic
  4171 | D:4      | Found a sacrificial altar of Ru.
  4487 | D:4      | Mangled by a gnoll

Skill      XL: |  1  2  3  4  5  6 |
---------------+-------------------+-----
Spellcasting   | 2 3 |  3.2
Unarmed Combat | 1 2 3 |  3.2
Earth Magic    | 4 5 |  5.0
Conjurations   | 1 |  1.7
Dodging        | |  1.7
Stealth        | |  2.1
Transmutations | |  0.8

Action                   |  1- 3 |  4- 6 || total
-------------------------+-------+-------++-------
Melee: Unarmed           |   132 |   165 ||   297
 Cast: Sandblast         |    10 |    18 ||    28
       Stone Arrow       |     2 |    10 ||    12
Evoke: Wand              |     1 |     3 ||     4
 Stab: Sleeping          |     5 |     4 ||     9
  Eat: Chunk             |     3 |    13 ||    16
Armor: Robe              |    37 |    19 ||    56
Dodge: Dodged            |   118 |   104 ||   222
